 Dungeon Crawl Stone Soup version 0.28-a0-957-g42eb19b844 (webtiles) character file.

Game seed: 17754074120138406265

1508 freelancePsychic the Archer (level 8, -3/74 HPs)
             Began as a Minotaur Hunter on Dec 1, 2021.
             Slain by an acid dragon (5 damage)
             ... on level 6 of the Dungeon.
             The game lasted 00:10:32 (6319 turns).

freelancePsychic the Archer (Minotaur Hunter)       Turns: 6319, Time: 00:10:32

Health: -3/74      AC: 10    Str: 18    XL:     8   Next: 53%
Magic:  7/7        EV:  6    Int:  8    God:
Gold:   26         SH:  0    Dex: 12    Spells: 7/7 levels left

rFire   . . .      SeeInvis +   a - +2 shortbow
rCold   . . .      Faith    .   (shield currently unavailable)
rNeg    . . .      Spirit   .   u - +0 plate armour
rPois   .          Reflect  .   (helmet restricted)
rElec   .          Harm     .   (no cloak)
rCorr   .          Rampage  .   q - +0 pair of gloves
Will    +....                   e - +0 pair of boots
Stlth   ..........              w - amulet of the acrobat
HPRegen 0.22/turn               p - ring of see invisible
MPRegen 0.10/turn               s - ring of willpower

@: corroded, attractive, flying
A: horns 2, retaliatory headbutt
a: no special abilities


You were on level 6 of the Dungeon.
You visited 1 branch of the dungeon, and saw 6 of its levels.

You collected 135 gold pieces.
You spent 109 gold pieces at shops.

Inventory:

Hand Weapons
 a - a +2 shortbow (weapon)
 b - a +0 dagger
Missiles
 d - 49 arrows (quivered ammo)
 o - 14 poisoned darts
Armour
 c - a +0 leather armour
 e - a +0 pair of boots (worn)
 h - a +0 chain mail
 q - a +0 pair of gloves (worn)
 u - a +0 plate armour (worn)
Jewellery
 p - a ring of see invisible (left hand)
 s - a ring of willpower (right hand)
 w - an amulet of the acrobat (around neck)
Scrolls
 f - a scroll of fog
 i - a scroll of magic mapping
 t - 2 scrolls of identify {@r1}
Potions
 j - a potion of flight
 k - a potion of ambrosia {unknown}
 l - a potion of degeneration {unknown}
 m - a potion of curing {unknown}
 n - a potion of heal wounds {unknown}
 r - a potion of lignification {unknown}


   Skills:
 + Level 8.1 Fighting
 - Level 4.1 Short Blades
 + Level 8.1 Bows
 + Level 5.0 Armour
 - Level 2.1 Dodging
 - Level 0.7 Stealth


You had 7 spell levels left.
You didn't know any spells.
Your spell library contained the following spells:

 Spells                   Type           Power      Damage    Failure   Level
 Stone Arrow              Conj/Erth      0%         3d7       100%        3
 Animate Armour           Summ/Erth      0%         N/A       100%        4
 Olgreb's Toxic Radiance  Pois           0%         N/A       100%        4
 Ozocubu's Refrigeration  Ice            0%         4d5       100%        7
 Ignition                 Fire           0%         3d3       100%        8
 Lehudib's Crystal Spear  Conj/Erth      0%         10d2      100%        8


Dungeon Overview and Level Annotations

Branches:
Dungeon (6/15)
 Temple: D:4-7

Altars:
Dithmenos
Fedhas
Makhleb
Ru

Shops:
D:2 *   D:4 ?


Innate Abilities, Weirdness & Mutations

You have a pair of horns on your head.
You reflexively headbutt those who attack you in melee.


Message History

You shoot an arrow.
The arrow closely misses the acid dragon.
The acid dragon bites you!
The acid dragon claws you but does no damage.
You are too injured to fight recklessly!
Fire: 51 arrows
Press: ? - help, Q - select action, (/) - cycle Shift-Dir - straight line, f/p - acid dragon
Aim: an acid dragon (moderately wounded, 68% to hit)
You shoot an arrow.
The arrow completely misses the acid dragon.
The acid dragon spits acid at you. The splash of acid hits you!!
The acid corrodes you!
Fire: 50 arrows
Press: ? - help, Q - select action, (/) - cycle Shift-Dir - straight line, f/p - acid dragon
Aim: an acid dragon (moderately wounded, catching its breath, 67% to hit)
You shoot an arrow.
The arrow barely misses the acid dragon.
The acid dragon bites you.
* * * LOW HITPOINT WARNING * * *
The acid dragon claws you but does no damage.
As you read the scroll of teleportation {@r4}, it crumbles to dust.
You feel strangely unstable. The acid dragon bites you!
* * * LOW HITPOINT WARNING * * *
The acid dragon claws you but does no damage.
It was a potion of flight.
You feel very buoyant.
You fly up into the air.
The acid dragon bites you!
* * * LOW HITPOINT WARNING * * *
The acid dragon closely misses you.
Your surroundings seem slightly different.
Okay, then.
It was a potion of attraction.
You feel attractive to monsters. The acid dragon barely misses you. x2
As you read the scroll labelled COZIKI NOESOF, it crumbles to dust.
The creatures around you are filled with an inner flame!
It was a scroll of immolation.
The acid dragon bites you.
* * * LOW HITPOINT WARNING * * *
The acid dragon claws you.
You die...

#..... +.....
#.....#
###.....#########
..............>.#
................#
................#
.........ยง.@....#
...........D....#
................#
+##.....###(#####
#.....# ..(
#.....#.....
#.....#......
###....(#.......
#.......#.......#


You could see an acid dragon (inner flame).

Vanquished Creatures
  A black bear (D:5)
  3 necrophages
  2 ogres (D:5)
  2 centaur zombies
  2 bullfrog skeletons
  A hound (D:6)
  2 jellies
  A centaur skeleton (D:4)
  6 orc wizards
  A hound zombie (D:5)
  2 hound skeletons (D:4)
  Robin (D:3)
  A gnoll (D:1)
  12 adders
  2 ufetubi
  4 worms
  4 dart slugs
  11 orcs
  8 ball pythons
  3 endoplasms
  2 giant cockroaches (D:2)
  15 goblins
  8 hobgoblins
  2 quokkas (D:2)
  11 frilled lizards
  2 kobolds
  5 rats
114 creatures vanquished.

Vanquished Creatures (others)
  A plant (D:3)
1 creature vanquished.

Grand Total: 115 creatures vanquished

Notes
Turn   | Place    | Note
-------+----------+-------------------------------------------
     0 | D:1      | freelancePsychic the Minotaur Hunter began the quest for
                  | the Orb.
     0 | D:1      | Reached XP level 1. HP: 18/18 MP: 0/0
   263 | D:1      | Reached XP level 2. HP: 16/25 MP: 1/1
   585 | D:1      | Reached skill level 5 in Bows
   662 | D:1      | Found a faded altar of an unknown god.
   763 | D:1      | Reached XP level 3. HP: 31/31 MP: 2/2
  1207 | D:2      | Found Vurac's Assorted Antiques.
  1356 | D:2      | Bought a scroll labelled JYLLEX MOLAWK for 25 gold pieces
  1384 | D:2      | Noticed a necrophage
  1673 | D:2      | Reached XP level 4. HP: 29/38 MP: 3/3
  2293 | D:3      | Noticed Robin
  2311 | D:3      | Killed Robin
  2466 | D:3      | Found a blossoming altar of Fedhas.
  3025 | D:4      | Noticed a necrophage
  3058 | D:3      | Killed a necrophage
  3059 | D:3      | Reached XP level 5. HP: 19/47 MP: 4/4
  3635 | D:4      | Noticed a necrophage
  3657 | D:4      | Reached XP level 6. HP: 53/55 MP: 5/5
  3674 | D:4      | Found a burning altar of Makhleb.
  3777 | D:4      | Reached skill level 5 in Fighting
  3777 | D:4      | Reached skill level 1 in Short Blades
  4018 | D:4      | Reached XP level 7. HP: 60/63 MP: 6/6
  4019 | D:4      | Found Gimauf's Magic Scroll Shop.
  4806 | D:2      | Reached skill level 1 in Armour
  4961 | D:5      | Entered Level 5 of the Dungeon
  5407 | D:5      | Found a shadowy altar of Dithmenos.
  5672 | D:5      | Reached XP level 8. HP: 70/73 MP: 7/7
  5943 | D:4      | Bought a scroll of identify for 24 gold pieces
  5943 | D:4      | Bought a scroll of identify for 24 gold pieces
  5943 | D:4      | Bought a scroll of teleportation for 36 gold pieces
  5994 | D:6      | Found a sacrificial altar of Ru.
  6104 | D:6      | Reached skill level 5 in Armour
  6319 | D:6      | HP: 2/74 [acid dragon (3)]
  6319 | D:6      | Slain by an acid dragon

Illustrated notes

Levels and vault maps discovered:
D:1:      dpeg_cavernosity, layout_loops_ring, shapermc_ecumenical_altar_petra,
          minmay_heptomino_h4
D:2:      layout_loops_corners, serial_shops, shop, nicolae_wormholes
D:3:      layout_loops_ring, old_standard_altar, nrook_mini_backslash,
          serial_bayou_ford_a, uniq_robin
D:4:      layout_cave_pools, mainiacjoe_overflow_24_doors, serial_shops,
          nicolae_take_the_stairs
D:5:      layout_loops_ring, grunt_dithmenos_smoke_and_mirrors
D:6:      layout_gridville, mainiacjoe_overflow_cross_hatched, kennysheep_mini,
          lemuel_tele_altar

Skill      XL: |  1  2  3  4  5  6  7  8 |
---------------+-------------------------+-----
Fighting       | 3 4 6 7 8 |  8.1
Bows           | 5 6 7 8 |  8.1
Short Blades   | 3 4 |  4.1
Armour         | 3 5 |  5.0
Dodging        | |  2.1
Stealth        | |  0.7

Action                   |  1- 3 |  4- 6 |  7- 9 || total
-------------------------+-------+-------+-------++-------
Melee: Dagger            |    64 |   179 |   169 ||   412
       Headbutt          |    15 |    38 |    46 ||    99
 Fire: Shortbow          |    33 |    29 |    24 ||    86
  Use: Scroll            |     3 |     2 |     3 ||     8
       Potion            |       |       |     2 ||     2
Armor: Leather armour    |     1 |       |       ||     1
       Chain mail        |    26 |   121 |    39 ||   186
       Plate armour      |       |       |    92 ||    92
Dodge: Dodged            |    31 |    59 |    63 ||   153

Table legend: (Time is in decaauts)
 A = Elapsed time spent in this place.
 B = Non-inter-level travel time spent in this place.
 C = Inter-level travel time spent in this place.
 D = Time resting spent in this place.
 E = Time spent auto-exploring this place.
 F = Levels seen in this place.
 G = Mean time per level.
                   A        B        C        D        E       F      G
               +--------+--------+--------+--------+--------+-----+--------+
         Total |   6284 |   5843 |    441 |     55 |   4737 |   6 | 1047.3 |
       Dungeon |   6284 |   5843 |    441 |     55 |   4737 |   6 | 1047.3 |
               +--------+--------+--------+--------+--------+-----+--------+

Top non-repeatable levels by time:
     D:1: 1303 daAuts
     D:3: 1255 daAuts
     D:4: 1229 daAuts
     D:2: 1174 daAuts
     D:5: 997 daAuts
     D:6: 324 daAuts
